 Dungeon Crawl Stone Soup version 0.31.0-9-g3a7656b989 (webtiles) character file.

Game seed: 12566165603302802829

74 qw the Shooter (level 4, -3/22 HPs)
             Began as a Spriggan Hunter on Feb 2, 2024.
             Was an Initiate of Okawaru.
             Killed from afar by an orc wizard (13 damage)
             ... with a puff of flame
             ... on level 3 of the Dungeon.
             The game lasted 00:00:08 (2328 turns).

qw the Shooter (Spriggan Hunter)                    Turns: 2328, Time: 00:00:08

Health: -3/22      AC:  2    Str:  7    XL:     4   Next: 9%
Magic:  5/5        EV: 19    Int: 10    God:    Okawaru [......]
Gold:   45         SH:  0    Dex: 20    Spells: 3/3 levels left

rFire   . . .        a - +0 shortbow
rCold   . . .        (shield currently unavailable)
rNeg    . . .        c - +0 robe
rPois   .            (helmet restricted)
rElec   .            (no cloak)
rCorr   .            (gloves unavailable)
SInv    +            (boots unavailable)
Will    .....        (no amulet)
Stlth   ++           (no ring)
HPRegen 0.23/turn    (no ring)
MPRegen 0.09/turn

%: no passive effects
@: very quick
A: very small, no large weapons, unfitting armour, see invisible, speed 3
a: Renounce Religion


You were on level 3 of the Dungeon.
You worshipped Okawaru.
Okawaru was noncommittal.
You visited 1 branch of the dungeon, and saw 3 of its levels.

You collected 45 gold pieces.


Innate Abilities, Weirdness & Mutations

You are very small and have problems with some larger weapons.
You are too small for most types of armour.
You have supernaturally acute eyesight. (SInv)
You cover ground extremely quickly. (Speed+++)


   Skills:
 - Level 1.5 Fighting
 - Level 5.0 Ranged Weapons
 + Level 4.3 Dodging
 - Level 1.5 Stealth


You had 3 spell levels left.
You didn't know any spells.
Your spell library was empty.

Inventory:

Hand Weapons
 a - a +0 shortbow (weapon)
Armour
 c - a +0 robe (worn)
Jewellery
 h - an amulet of guardian spirit
Scrolls
 k - 3 scrolls of identify
Potions
 b - a potion of enlightenment
 d - 2 potions of heal wounds
 e - 2 potions of curing {unknown}
 f - a potion of cancellation {unknown}
 g - a potion of berserk rage {unknown}
 i - 3 potions of might {unknown}
 j - 2 potions of resistance {unknown}
 l - a potion of brilliance {unknown}

Dungeon Overview and Level Annotations

Branches:
Dungeon (3/15)

Altars:
Hepliaklqana
Kikubaaqudgha
Nemelex Xobeh
Okawaru
Ru
Wu Jian


Message History

You kill the rat!
Okawaru accepts your kill.
d - 2 potions of heal wounds (gained 1)
An orc wizard comes into view. It is wielding a +0 dagger.
You shoot an arrow.
The arrow hits the orc wizard but does no damage.
The orc wizard shouts!
An orc priest comes into view. It is wielding a +0 hand axe.
You shoot an arrow. The orc priest shouts!
The arrow hits the orc wizard.
The orc wizard is moderately wounded.
You shoot an arrow. The arrow hits the orc wizard.
The orc wizard is moderately wounded.
An orc priest comes into view. It is wielding a +0 short sword.
An orc comes into view. It is wielding a +0 club.
You shoot an arrow. The arrow barely misses the orc wizard.
The orc shouts!
The orc priest shouts!
The arrow hits the orc priest.
The orc priest is lightly wounded.
An orc comes into view. It is wielding a +0 dagger.
The orc priest looks encouraged for a moment.
You shoot an arrow. The orc shouts!
The arrow hits the orc wizard but does no damage.
The orc wizard is moderately wounded.
You hear a shout!
You shoot an arrow. The arrow hits the orc wizard.
The orc wizard is severely wounded.
The orc wizard casts a spell at you. The puff of flame hits you!
Ouch! That really hurt!
An orc comes into view. It is wielding a +0 mace.
You shoot an arrow. The arrow barely misses the orc wizard.
The arrow hits the orc priest.
The orc priest is heavily wounded.
The orc wizard gestures at you while chanting.
The puff of flame hits you!
Ouch! That really hurt!
You die... ################## #................. #@################ #o# #.# oo. o.o

######
.....
#.....
...o.
######.....
.......
:........%.
.#####.....


You could see 2 orc priests, an orc wizard and 3 orcs.

Vanquished Creatures
  4 dart slugs
  3 ribbon worms
  An orc (D:3)
  6 ball pythons
  5 bats
  5 endoplasms
  2 giant cockroaches
  2 goblins (D:2)
  3 hobgoblins
  5 jackals
  3 quokkas
  5 frilled lizards
  4 kobolds
  8 rats
56 creatures vanquished.

Notes
Turn   | Place    | Note
-------+----------+-------------------------------------------
     0 | D:1      | qw the Spriggan Hunter began the quest for the Orb.
     0 | D:1      | Reached XP level 1. HP: 10/10 MP: 2/2
     0 | D:1      | 0 ||| qw: Version: 0.3-a-155-g5e7d8dd
     0 | D:1      | 0 ||| qw: Game counter: 2518
     0 | D:1      | 0 ||| qw: Melee chars always use a shield: true
     0 | D:1      | 0 ||| qw: God list: Okawaru
     0 | D:1      | 0 ||| qw: Allow faded altars: false
     0 | D:1      | 0 ||| qw: Do Orc after clearing Dungeon:15 true
     0 | D:1      | 0 ||| qw: Do second Lair branch before Depths: true
     0 | D:1      | 0 ||| qw: Lair rune preference: random
     0 | D:1      | 0 ||| qw: Goals: Normal
     0 | D:1      | 0 ||| PLANNING D:1-11
    56 | D:1      | Reached skill level 3 in Dodging
   280 | D:1      | Reached XP level 2. HP: 14/14 MP: 3/3
   337 | D:1      | You fall into a shaft and drop 1 floor!
   352 | D:2      | 352 ||| READING scroll labelled OLIPOPLEDAO.
   353 | D:2      | 353 ||| DROPPING scroll of butterflies.
   548 | D:1      | 548 ||| DROPPING ring of flight.
   549 | D:1      | 549 ||| READING scroll labelled LYSIBB TURYU.
   549 | D:1      | 549 ||| IDENTIFYING inky potion
   550 | D:1      | 550 ||| READING scroll labelled LUUFUDDYECH.
   551 | D:1      | 551 ||| READING scroll labelled TUIWIADUAGH.
   552 | D:1      | 552 ||| READING scroll labelled PEIN VAOM NOZO.
   779 | D:1      | 779 ||| DRINKING 2 amethyst potions.
   780 | D:1      | 780 ||| DROPPING potion of invisibility.
   855 | D:1      | Reached XP level 3. HP: 18/18 MP: 4/4
   967 | D:1      | 967 ||| UPGRADING to amulet of guardian spirit.
  1333 | D:2      | Found a faded altar of an unknown god.
  1543 | D:2      | Found an iron altar of Okawaru.
  1544 | D:2      | 1544 ||| PLANNING OKAWARU WORSHIP
  1544 | D:2      | 1544 ||| READING scroll labelled OTEOSTIGILO.
  1544 | D:2      | 1544 ||| ENCHANTING +0 shortbow.
  1545 | D:2      | 1545 ||| READING scroll labelled LIR KOZODE.
  1546 | D:2      | 1546 ||| DRINKING 2 murky grey potions.
  1552 | D:2      | Became a worshipper of Warmaster Okawaru
  1553 | D:2      | 1553 ||| PLANNING D:1-11
  1553 | D:2      | 1553 ||| REMOVING amulet of guardian spirit.
  1775 | D:3      | Reached skill level 5 in Ranged Weapons
  1863 | D:3      | Identified the +10 long sword "Gagax" {protect, rF+ rCorr}
  1879 | D:3      | Found a sacrificial altar of Ru.
  1886 | D:3      | Found an ancient bone altar of Kikubaaqudgha.
  1889 | D:3      | Found an ornate altar of the Wu Jian Council.
  1889 | D:3      | Found a hazy altar of Hepliaklqana.
  1896 | D:3      | Found a sparkling altar of Nemelex Xobeh.
  1984 | D:3      | Reached XP level 4. HP: 22/22 MP: 5/5
  2328 | D:3      | Killed from afar by an orc wizard

Levels and vault maps discovered:
D:1:      dpeg_arrival_tiny_k, layout_loops_corners,
          nicolae_concentric_dashed_squares_wild
D:2:      layout_loops_ring, basic_altar, hellmonk_ecumenical_altar_heavens_door
D:3:      layout_basic, nicolae_overflow_hallway_of_the_gods

Skill      XL: |  1  2  3 |
---------------+----------+-----
Dodging        | 3 4 |  4.3
Ranged Weapons | 5 |  5.0
Fighting       | |  1.5
Stealth        | |  1.5

Action                     |  1- 3 |  4- 6 || total
---------------------------+-------+-------++-------
   Fire: Shortbow          |   123 |    15 ||   138
    Use: Scroll            |     7 |       ||     7
         Potion            |     2 |       ||     2
 Armour: Robe              |    12 |     2 ||    14
  Dodge: Dodged            |    33 |     4 ||    37

Table legend:
 A = Non-vault XP
 B = Vault XP
 C = Vault XP percentage of total XP
 D = Non-vault monster count
 E = Vault monster count
 F = Vault count percentage of total count
                 A         B        C        D         E       F
            +---------+---------+-------+---------+---------+-------
      Total |     106 |       0 |   0.0 |      56 |       0 |   0.0
            +---------+---------+-------+---------+---------+-------
        D:1 |      42 |       0 |   0.0 |      22 |       0 |   0.0
        D:2 |      39 |       0 |   0.0 |      22 |       0 |   0.0
        D:3 |      25 |       0 |   0.0 |      12 |       0 |   0.0
            +---------+---------+-------+---------+---------+-------
